 Dungeon Crawl Stone Soup version 0.31-a0-152-g6aa68a64a1 (webtiles) character file.

Game seed: 2733149780607895927

548 qw the Shooter (level 7, 0/44 HPs)
             Began as a Gargoyle Hunter on June 10, 2023.
             Slain by a quokka (1 damage)
             ... summoned by Eustachio
             ... on level 5 of the Dungeon.
             The game lasted 00:01:38 (3315 turns).

qw the Shooter (Gargoyle Hunter)                    Turns: 3315, Time: 00:01:39

Health: 0/44       AC: 10    Str: 14    XL:     7   Next: 28%
Magic:  0/7        EV: 10    Int: 10    God:
Gold:   220        SH:  0    Dex: 15    Spells: 6/6 levels left

rFire   . . .        Y - +0 shortbow
rCold   + . .        (shield currently unavailable)
rNeg    + . .        m - +0 ring mail
rPois   inf          (no helmet)
rElec   +            (no cloak)
rCorr   .            (no gloves)
SInv    .            (no boots)
Will    .....        b - amulet of guardian spirit
Stlth   +            l - ring of protection from cold
HPRegen 0.27/turn    (no ring)
MPRegen 0.10/turn

%: guardian spirit
@: about to teleport
A: sickness immunity, AC +4, negative energy resistance 1, electricity
resistance, torment resistance 1, petrification resistance
a: no special abilities


You were on level 5 of the Dungeon.
You visited 1 branch of the dungeon, and saw 5 of its levels.

You collected 220 gold pieces.


Innate Abilities, Weirdness & Mutations

You are immune to sickness and miasma.
Your stone body is resilient. (AC +4)
You are immune to poison.
You resist negative energy. (rN+)
You are resistant to electric shocks. (rElec)
You are resistant to unholy torment.
You are immune to petrification.


   Skills:
 - Level 4.5 Fighting
 + Level 7.6 Ranged Weapons
 - Level 1.2 Armour
 - Level 1.5 Dodging
 - Level 1.1 Stealth


You had 6 spell levels left.
You didn't know any spells.
Your spell library was empty.

Inventory:

Hand Weapons
 Y - a +0 shortbow (weapon)
Armour
 m - a +0 ring mail (worn)
Jewellery
 b - an amulet of guardian spirit (around neck)
 e - a +6 ring of intelligence
 l - a ring of protection from cold (left hand)
Scrolls
 a - 3 scrolls of identify
 d - a scroll of teleportation
Potions
 c - a potion of mutation {unknown}
 f - a potion of attraction
 g - a potion of haste
 h - a potion of curing
 i - a potion of cancellation
 k - a potion of brilliance

Dungeon Overview and Level Annotations

Branches:
Dungeon (5/15)
 Temple: D:4-7

Altars:

Annotations:
D:4 Prince Ribbit
D:5 Eustachio, Menkaure


Message History

The hound bites you but does no damage.
The quokka bites you but does no damage.
Menkaure calls on the powers of darkness!
The river rat convulses!
The hound convulses!
The quokka convulses!
Eustachio convulses!
Your body is wracked with pain!
The hound misses you. The quokka bites you.
You shoot an arrow. The arrow barely misses the hound.
The arrow barely misses the rat.
Eustachio casts a spell.
Eustachio blinks!
The hound bites you but does no damage. The quokka barely misses you.
You shoot an arrow. The arrow hits the hound.
You kill the hound!
The quokka bites you but does no damage.
Menkaure casts a spell.
Menkaure seems to speed up.
The quokka closely misses you.
You shoot an arrow. The arrow barely misses the river rat.
The river rat bites you.
The quokka bites you but does no damage.
You shoot an arrow. The arrow closely misses the river rat.
The quokka barely misses you.
The river rat bites you but does no damage.
You shoot an arrow.
The arrow hits the river rat but does no damage.
The river rat is heavily wounded.
The quokka bites you but does no damage.
Menkaure hits you! The river rat misses you.
The quokka bites you but does no damage.
Menkaure hits you!
You shoot an arrow. The arrow closely misses the river rat.
The river rat misses you.
Eustachio mumbles some strange words.
The quokka bites you but does no damage.
Menkaure hits you!
The river rat bites you but does no damage.
3315 ||| READING 2 scrolls of teleportation.
As you read the scroll of teleportation, it crumbles to dust.
You feel strangely unstable. The quokka bites you.
You die...

......# .####... ...M
....# .## ..Y.. .....
..# #. .r. ...... #%###
##. ..# ...... #...##
#.. ..##.....
###..####.# .@....
##....#.#######r5#
####.#.##....@rr#
###..%.##.####M...#
#......#).# ##.#.....
#.###...))# .......
.......###.###.###.###.
.....##### #.....# .#
##. .K..K.)........ #
.. ...K.K).##.....
######### #####


You could see Eustachio (empowered), Menkaure (fast), a river rat (summoned), a
shadow imp (summoned), a quokka (summoned) and a rat (summoned).

Vanquished Creatures
  A kobold brigand (D:5)
  A bullfrog (D:4)
  3 hounds
  A jelly (D:5)
  An orc priest (D:3)
  2 iguanas (D:5)
  A sleepcap (D:4)
  5 adders
  3 river rats (D:4)
  A shadow imp (D:5)
  An ufetubus (D:5)
  4 worms (D:4)
  3 dart slugs (D:1)
  12 orcs
  9 bats
  3 endoplasms
  A giant cockroach (D:4)
  3 goblins
  5 hobgoblins
  3 quokkas
  7 ball pythons
  3 frilled lizards (D:2)
  15 kobolds
  6 rats
94 creatures vanquished.

Notes
Turn   | Place    | Note
-------+----------+-------------------------------------------
     0 | D:1      | qw the Gargoyle Hunter began the quest for the Orb.
     0 | D:1      | Reached XP level 1. HP: 12/12 MP: 1/1
     0 | D:1      | 0 ||| qw: Version: 0.2-a-29-g0080da8
     0 | D:1      | 0 ||| qw: Game counter: 3855
     0 | D:1      | 0 ||| qw: Always use a shield: true
     0 | D:1      | 0 ||| qw: God list: Okawaru
     0 | D:1      | 0 ||| qw: Allow faded altars: false
     0 | D:1      | 0 ||| qw: Do Orc after D:15 true
     0 | D:1      | 0 ||| qw: Do second Lair branch before Depths: true
     0 | D:1      | 0 ||| qw: Lair rune preference: random
     0 | D:1      | 0 ||| qw: Plans: Normal, Zot:1-4, Slime:5, God:TSO, Crypt,
                  | Tomb, Abyss, Pan, Hells, Win
     0 | D:1      | 0 ||| PLANNING D:1-11
   208 | D:1      | Found a faded altar of an unknown god.
   244 | D:1      | Reached XP level 2. HP: 17/17 MP: 2/2
   716 | D:1      | 716 ||| READING 2 scrolls labelled JAMYTO BEH VIE.
   717 | D:1      | 717 ||| READING scroll labelled SAAFUCK YZISS.
   718 | D:1      | 718 ||| READING scroll labelled HAELIU EPSET.
   719 | D:1      | 719 ||| READING scroll labelled LYFUASIULO.
   723 | D:1      | 723 ||| DROPPING scroll of butterflies.
   789 | D:2      | Reached skill level 5 in Ranged Weapons
   789 | D:2      | Reached XP level 3. HP: 13/21 MP: 3/3
  1184 | D:2      | Reached skill level 3 in Fighting
  1396 | D:2      | 1396 ||| UPGRADING to amulet of guardian spirit.
  1401 | D:2      | 1401 ||| READING 2 scrolls labelled YTRUBI RANASIM.
  1402 | D:2      | 1402 ||| READING scroll labelled KYTIOXK WITASA.
  1403 | D:2      | 1403 ||| READING 3 scrolls of identify.
  1403 | D:2      | 1403 ||| IDENTIFYING sedimented red potion
  1404 | D:2      | 1404 ||| READING 2 scrolls of identify.
  1404 | D:2      | 1404 ||| IDENTIFYING lumpy grey potion
  1405 | D:2      | 1405 ||| DROPPING scroll of blinking.
  1446 | D:3      | Reached XP level 4. HP: 28/28 MP: 4/4
  1564 | D:3      | 1564 ||| Stepping ~*~*~tactically~*~*~ (outnumbered).
  1566 | D:3      | 1566 ||| Stepping ~*~*~tactically~*~*~ (outnumbered).
  1568 | D:3      | 1568 ||| Stepping ~*~*~tactically~*~*~ (outnumbered).
  1570 | D:3      | 1570 ||| Stepping ~*~*~tactically~*~*~ (outnumbered).
  1580 | D:3      | 1580 ||| FLEEEEING.
  1879 | D:3      | 1879 ||| READING scroll labelled SUQEIF SUDD.
  1880 | D:3      | 1880 ||| DRINKING 2 fuming brown potions.
  1881 | D:3      | 1881 ||| READING 2 scrolls of identify.
  1881 | D:3      | 1881 ||| IDENTIFYING white potion
  1894 | D:4      | 1894 ||| PLANNING SEWER
  1987 | D:4      | Reached skill level 6 in Ranged Weapons
  1987 | D:4      | Reached XP level 5. HP: 25/32 MP: 2/5
  2166 | D:4      | Reached XP level 6. HP: 34/39 MP: 6/6
  2585 | D:4      | 2585 ||| RIP SEWER
  2605 | D:4      | 2605 ||| PLANNING D:1-11
  2809 | D:4      | 2809 ||| UPGRADING to +0 ring mail.
  2819 | D:4      | 2819 ||| DROPPING +0 leather armour.
  2820 | D:4      | 2820 ||| UPGRADING to ring of protection from cold.
  2821 | D:4      | 2821 ||| READING scroll labelled KYNWEO DUVOU.
  2822 | D:4      | 2822 ||| READING 2 scrolls of identify.
  2822 | D:4      | 2822 ||| IDENTIFYING bubbling puce potion
  2847 | D:5      | Entered Level 5 of the Dungeon
  2858 | D:5      | Reached skill level 1 in Armour
  2866 | D:5      | 2866 ||| FLEEEEING.
  2877 | D:5      | Noticed Prince Ribbit
  2880 | D:5      | 2880 ||| FLEEEEING.
  2883 | D:5      | 2883 ||| FLEEEEING.
  2885 | D:5      | 2885 ||| FLEEEEING.
  2886 | D:5      | 2886 ||| STAIRDANCE
  2959 | D:5      | 2959 ||| STAIRDANCE
  2961 | D:4      | HP: 2/39 [Prince Ribbit (12)]
  2962 | D:4      | 2962 ||| READING 2 scrolls of teleportation.
  2963 | D:4      | 2963 ||| DRINKING potion of heal wounds.
  3150 | D:5      | 3150 ||| Stepping ~*~*~tactically~*~*~ (outnumbered).
  3152 | D:5      | 3152 ||| Stepping ~*~*~tactically~*~*~ (outnumbered).
  3154 | D:5      | 3154 ||| Stepping ~*~*~tactically~*~*~ (outnumbered).
  3171 | D:5      | Reached skill level 7 in Ranged Weapons
  3171 | D:5      | Reached XP level 7. HP: 26/44 MP: 5/7
  3189 | D:5      | 3189 ||| FLEEEEING.
  3190 | D:5      | 3190 ||| FLEEEEING.
  3191 | D:5      | 3191 ||| FLEEEEING.
  3298 | D:5      | Noticed Eustachio
  3299 | D:5      | Noticed Menkaure
  3300 | D:5      | 3300 ||| Stepping ~*~*~tactically~*~*~ (outnumbered).
  3314 | D:5      | HP: 1/44 [Menkaure (14)]
  3315 | D:5      | 3315 ||| READING 2 scrolls of teleportation.
  3315 | D:5      | Slain by a quokka

Levels and vault maps discovered:
D:1:      lemuel_arrival_broad_hall, layout_basic,
          hellmonk_ecumenical_altar_crossroads
D:2:      layout_basic, serial_corexii_hall, chequers_hall_statues_wall_a,
          corexii_hall_statues_i
D:3:      layout_rooms
D:4:      layout_gridville, lightli_sewer_entry_pipes, dk_noncrumbling_2
D:5:      layout_rooms, okawaru_altar_gauntlet_db,
          eino_small_chamber_without_monster, uniq_prince_ribbit1,
          uniq_menkaure, uniq_eustachio

Skill      XL: |  1  2  3  4  5  6 |
---------------+-------------------+-----
Ranged Weapons | 5 6 7 |  7.6
Fighting       | 3 4 |  4.5
Armour         | 1 |  1.2
Dodging        | |  1.5
Stealth        | |  1.1

Action                     |  1- 3 |  4- 6 |  7- 9 || total
---------------------------+-------+-------+-------++-------
   Fire: Shortbow          |   111 |   251 |    43 ||   405
    Use: Scroll            |     8 |     5 |     1 ||    14
         Potion            |       |     2 |       ||     2
 Armour: Leather armour    |    26 |    30 |       ||    56
         Ring mail         |       |    28 |    32 ||    60
  Dodge: Dodged            |    35 |    90 |    33 ||   158

Table legend:
 A = Non-vault XP
 B = Vault XP
 C = Vault XP percentage of total XP
 D = Non-vault monster count
 E = Vault monster count
 F = Vault count percentage of total count
                 A         B        C        D         E       F
            +---------+---------+-------+---------+---------+-------
      Total |     708 |      75 |   9.6 |      83 |      11 |  11.7
            +---------+---------+-------+---------+---------+-------
        D:1 |      29 |       0 |   0.0 |      14 |       0 |   0.0
        D:2 |      51 |       0 |   0.0 |      20 |       0 |   0.0
        D:3 |      64 |       0 |   0.0 |      12 |       0 |   0.0
        D:4 |     216 |      75 |  25.8 |      20 |      11 |  35.5
        D:5 |     348 |       0 |   0.0 |      17 |       0 |   0.0
            +---------+---------+-------+---------+---------+-------
